AoeStats
← RDA Ronan

African Clearing

506734154Analyzed
4v4 RM · 17d ago on Sep 14, 2026· 48m 32s· 8 players
Game mode
Random Map
Map size
Large (8 player)
Population
200
Speed
Normal
Resources
Standard
Victory
Conquest
Starting age
Dark Age
Ending age
Imperial Age
RankedLock teamsTeams togetherTeam positionsShared explorationLock speedFull tech treeHidden civsTurbo modeCheats
Victory
Defeat
🇨🇳 Huns · China
1262
+13
🇨🇭 Cumans · Switzerland
1219
+14
🇺🇸 Maya · United States
1207
+15
🇵🇦 Dravidians · Panama
1182
+16
🇦🇷 Cumans · Argentina
1267
-18
🇦🇷 Mongols · Argentina
1218
-16
🇪🇸 Vietnamese · Spain
1173
-14
🇺🇾 Spanish · Uruguay
1068
-10
Lorenzo de' Medici
3:43 Loom
14:12 Feudal Age
19:05 Castle Age
17:58 Stone Mining
19:38 Double-Bit Axe
23:31 Gold Mining
25:36 Ballistics
25:10 Fletching
26:06 Padded Archer Armor
27:17 Horse Collar
28:02 Bodkin Arrow
29:59 Leather Archer Armor
29:54 Herbal Medicine
32:10 Heavy Plow
32:52 Wheelbarrow
34:16 Bow Saw
37:22 Imperial Age
35:32 Masonry
37:07 Hand Cart
39:10 Two-Man Saw
38:11 Bracer
39:32 Chemistry
39:09 Crop Rotation
39:11 Architecture
39:39 Thumb Ring
40:20 Elite Plumed Archer
41:36 Conscription
42:43 Hoardings
42:44 Ring Archer Armor
45:49 Hul'che Javelineers
45:11 Elite Skirmisher
46:48 Pikeman
47:29 Squires
47:30 Scale Mail Armor
47:41 Forging
beliyo.iam
12:28 Feudal Age
13:04 Loom
13:15 Double-Bit Axe
21:05 Castle Age
22:56 Fletching
29:00 Bodkin Arrow
29:48 Wheelbarrow
32:26 Hand Cart
31:57 Town Watch
32:30 Horse Collar
34:02 Thumb Ring
40:33 Town Patrol
41:24 Heavy Plow
41:30 Padded Archer Armor
44:23 Ballistics
44:15 Masonry
45:07 Medical Corps
45:29 Leather Archer Armor
47:50 Imperial Age
47:00 Scale Barding Armor
49:31 Chemistry
48:39 Bracer
49:10 Ring Archer Armor
elite chicken
7:36 Loom
12:16 Feudal Age
14:44 Double-Bit Axe
15:58 Horse Collar
20:11 Wheelbarrow
25:10 Castle Age
23:36 Scale Barding Armor
23:42 Forging
24:11 Bloodlines
24:33 Gold Mining
25:14 Stone Mining
26:30 Chain Barding Armor
28:05 Hand Cart
28:36 Iron Casting
28:15 Bow Saw
28:10 Heavy Plow
41:38 Imperial Age
41:57 Cavalier
43:30 Plate Barding Armor
44:31 Blast Furnace
46:40 Coinage
45:34 Paladin
48:19 Two-Man Saw
EU _XING
5:27 Loom
16:01 Feudal Age
19:23 Double-Bit Axe
20:18 Wheelbarrow
19:31 Town Watch
22:17 Castle Age
20:20 Gold Mining
21:48 Forging
21:43 Scale Barding Armor
22:21 Scale Barding Armor
26:02 Wheelbarrow
27:13 Bow Saw
28:58 Horse Collar
30:54 Heavy Plow
32:24 Hand Cart
32:08 Stone Mining
33:47 Gold Shaft Mining
37:54 Imperial Age
36:34 Bloodlines
36:25 Husbandry
37:15 Marauders
37:41 Chain Barding Armor
37:57 Iron Casting
38:06 Elite Tarkan
39:26 Plate Barding Armor
39:15 Conscription
42:23 Padded Archer Armor
44:46 Blast Furnace
43:37 Fletching
45:23 Scale Mail Armor
45:24 Padded Archer Armor
RDA | Karnage
8:40 Loom
14:09 Feudal Age
15:15 Double-Bit Axe
20:03 Castle Age
18:57 Gold Mining
20:17 Bloodlines
23:54 Fletching
24:04 Padded Archer Armor
27:30 Leather Archer Armor
28:16 Husbandry
30:12 Bodkin Arrow
35:21 Ballistics
37:55 Thumb Ring
43:50 Imperial Age
46:38 Wheelbarrow
RDA Ghosti
3:14 Loom
13:29 Feudal Age
28:58 Double-Bit Axe
31:29 Castle Age
31:36 Scale Mail Armor
31:46 Forging
32:29 Bow Saw
36:32 Fletching
36:43 Padded Archer Armor
37:23 Bodkin Arrow
43:18 Imperial Age
41:47 Wheelbarrow
41:01 Town Watch
42:02 Ballistics
42:46 Scale Barding Armor
43:39 Forging
44:11 Bloodlines
43:55 Horse Collar
45:41 Chain Barding Armor
46:11 Gold Mining
45:48 Cavalier
RDA Santiagoi1212
10:09 Loom
16:01 Feudal Age
21:59 Castle Age
21:34 Horse Collar
21:42 Double-Bit Axe
27:51 Scale Barding Armor
27:37 Fletching
30:47 Pikeman
36:06 Heavy Plow
36:33 Forging
36:24 Scale Mail Armor
47:13 Wheelbarrow
47:04 Bloodlines
46:21 Light Cavalry
RDA Ronan
6:01 Loom
12:16 Feudal Age
13:17 Feudal Age
15:22 Town Watch
17:55 Castle Age
17:52 Double-Bit Axe
19:04 Bow Saw
19:25 Horse Collar
21:11 Wheelbarrow
21:39 Heavy Plow
22:33 Stone Mining
26:27 Gold Mining
27:06 Hand Cart
29:42 Husbandry
29:53 Bloodlines
30:19 Coinage
32:59 Imperial Age
30:29 Town Patrol
31:38 Ballistics
31:10 Fletching
32:06 Gold Shaft Mining
31:48 Bodkin Arrow
32:57 Padded Archer Armor
33:11 Thumb Ring
34:02 Conscription
33:43 Bracer
34:46 Chemistry
34:23 Leather Archer Armor
33:57 Capped Ram
35:24 Banking
35:54 Elite Mangudai
39:20 Scale Barding Armor
40:39 Siege Ram
41:15 Light Cavalry
41:42 Heavy Camel Rider
42:16 Hussar
44:05 Chain Barding Armor
45:53 Murder Holes
46:04 Siege Engineers
Connection lost

Rejoining the realm…

Still unreachable

The connection could not be restored.

Session expired

The server has moved on; the page needs a fresh start.